[Event "*** Titled Tuesday Blitz"]
[Site "Chess.com"]
[Date "2020.11.24"]
[Round "8"]
[White "beautroll"]
[Black "davidkalashian"]
[Result "1-0"]
[WhiteElo "2439"]
[BlackElo "2530"]
[TimeControl "180+1"]
[EndTime "11:46:48 PST"]
[Termination "beautroll won on time"]

1. e4 c5 2. Nf3 d6 3. d4 cxd4 4. Nxd4 Nf6 5. Nc3 a6 6. h3 e5 7. Nb3 h5 8. Bg5 Be6 9. Be2 Nbd7 10. Qd2 Rc8 11. f3 b5 12. Nd5 Bxd5 13. exd5 Nb6 14. Bxf6 gxf6 15. O-O Bh6 16. Qa5 Nxd5 17. Qxa6 b4 18.
Qb5+ Ke7 19. Qxd5 Rxc2 20. Bc4 Qg8 21. f4 Rh7 22. fxe5 fxe5 23. Qb7+ Kf8 24. Qb8+ Kg7 25.
Rxf7+ Qxf7 26. Bxf7 Kxf7 27. Qb7+ Kg8 28. Qd5+ Kh8 29.
Qxd6 Re2 30. Rf1 Be3+ 31. Kh1 Rg7 32. Qf8+ Kh7 33. Qf5+ Kh6 34. Qf6+ Kh7 35. Qf3 Rexg2 36. Qxg2 Rxg2 37. Kxg2 Kg6 38. Kf3 Bf4 39. Ke4 Kg5 40.
Nc5 Kh4 41. Rf3 Bg3 42. Nd3 Kxh3 43. Nxe5 Kg2 44. Nd3 h4 45. Nf4+ Kh2 46. a4 bxa3 47. bxa3 Be1 48. a4 Kg1 49. Ng6 Kg2 50. Re3 1-0

[Event "*** Titled Tuesday Blitz"]
[Site "Chess.com"]
[Date "2020.11.24"]
[Round "8"]
[White "Bathory44"]
[Black "Snegokhod"]
[Result "1-0"]
[WhiteElo "2567"]
[BlackElo "2434"]
[TimeControl "180+1"]
[EndTime "11:46:49 PST"]
[Termination "Bathory44 won by checkmate"]

1. e4 e5 2. Nf3 f6 3. Nxe5 fxe5 4. Qh5+ Ke7 5. Qxe5+ Kf7 6. Bc4+ d5 7. Bxd5+ Kg6 8. Qg3+ Qg5 9. Bf7+ Kf6 10. Qf3+ Ke7 11. Bb3 Nf6 12. O-O Bg4 13. Qc3 Kd8 14. d4 Qg6 15. e5 Ne4 16. Qe3 Nc6 17. c3 Be7 18.
Bc2 Bf5 19. Re1 Ng5 20. Bxf5 Qxf5 21. f4 Ne6 22. b4 Bxb4 23. cxb4 Nxb4 24. Na3 Kc8 25.
Bd2 Nd5 26. Qb3 c6 27. Nc4 Rd8 28. Nd6+ Rxd6 29. exd6 b6 30. Rac1 Kd7 31. Re5 Qg4 32.
Rxd5 cxd5 33. Qa4+ Kxd6 34. Bb4+ Nc5 35. dxc5+ Ke6 36.
Re1+ Kf7 37. Qc6 Rf8 38. Qxd5+ Kg6 39. Qg5+ Qxg5 40. fxg5 bxc5 41. Bxc5 Rf5 42. Bxa7 Ra5 43. Bd4 Rxa2 44. Re7 Kxg5 45. Rxg7+ Kh6 46. Rg4 Rc2 47. h3 Kh5 48. Kh2 h6 49. Re4 Kg6 50. Re6+ Kh5 51. Be3 Rxg2+ 52. Kxg2 Kh4 53. Rxh6# 1-0

[Event "*** Titled Tuesday Blitz"]
[Site "Chess.com"]
[Date "2020.11.24"]
[Round "8"]
[White "dopolian"]
[Black "Ranindu2003"]
[Result "0-1"]
[WhiteElo "2421"]
[BlackElo "2560"]
[TimeControl "180+1"]
[EndTime "11:46:49 PST"]
[Termination "Ranindu2003 won on time"]

1. e4 g6 2. d4 Bg7 3. c3 d6 4. f4 Nd7 5. e5 c5 6. Nf3 Nh6 7. Bc4 Nb6 8. Bb5+ Bd7 9. Bxd7+ Qxd7 10.
dxc5 dxc5 11. Qxd7+ Nxd7 12. Be3 Nf5 13. Bf2 h5 14. O-O O-O-O 15. Nbd2 f6 16. exf6 exf6 17. Nc4 Kc7 18. Rfe1 Rhe8 19. Kf1 Nb6 20. Nxb6 axb6 21. Rxe8 Rxe8 22. Rd1 Nd6 23. b3 Kc6 24. Re1 Rxe1+ 25. Bxe1 c4 26. Ke2 Kd5 27. Bf2 b5 28. Bd4 Nf5 29. b4 Nd6 30. Ne1 Ne4 31. Nc2 Bf8 32.
Ne3+ Ke6 33. g3 f5 34. Ng2 Be7 35. Ne3 Bd8 36. Nc2 Bf6 37. Bxf6 Kxf6 38. Nd4 Nxc3+ 39. Kd2 Nxa2 40. Nxb5 Nxb4 41. Nd6 Nd5 42. Nxb7 g5 43.
fxg5+ Kxg5 44. Nd6 c3+ 45. Kd3 Kg4 46. Nf7 Kf3 47.
Nh6 f4 48. gxf4 Kxf4 49. Nf7 h4 50. Nd6 h3 51. Ne4 Kf3 52. Ng5+ Kg2 53. Kc4 c2 0-1

[Event "*** Titled Tuesday Blitz"]
[Site "Chess.com"]
[Date "2020.11.24"]
[Round "8"]
[White "Szparu"]
[Black "Harsha_Bharathakoti"]
[Result "0-1"]
[WhiteElo "2518"]
[BlackElo "2725"]
[TimeControl "180+1"]
[EndTime "11:46:50 PST"]
[Termination "Harsha_Bharathakoti won by resignation"]

1. e4 c5 2. Nf3 Nc6 3. Bb5 g6 4. O-O Bg7 5. c3 Nf6 6. Re1 O-O 7. h3 Qb6 8. Na3 Rd8 9. e5 Ne8 10. Ba4 d5 11. d3 Nc7 12. Qe2 Ne6 13. Rb1 Qc7 14. h4 b6 15. h5 Bb7 16. Nc2 d4 17. Bb3 Qd7 18. a3 dxc3 19. bxc3 Qxd3 20. Qxd3 Rxd3 21. hxg6 hxg6 22. Bb2 Nf4 23. Bc4 Rdd8 24. Ng5 e6 25. g3 Nd3 26. Bxd3 Rxd3 27. c4 Na5 28. Ne3 Rad8 29. f4 Bf8 30. Re2 Be7 31. Kf2 Rd2 32. Ke1 Rxe2+ 33. Kxe2 Ba6 34. Rc1 Nb3 35. Rd1 Rxd1 36. Kxd1 Na5 37. Ne4 Nxc4 38. Nxc4 Bxc4 39. Nf6+ Kf8 40. Kd2 Bxf6 41. exf6 Ke8 42. Be5 Kd7 43. Bb8 a6 44. Kc3 Bd5 45. Be5 Kc6 46.
g4 b5 47. g5 a5 48. Kb2 b4 49.
axb4 axb4 50. Kc2 Be4+ 51. Kb3 Kb5 52. Bd6 c4+ 53. Kb2 c3+ 54. Kb3 Bd5+ 55. Kc2 Kc4 56. Kc1 b3 57. Be5 b2+ 58. Kb1 Be4+ 0-1

[Event "*** Titled Tuesday Blitz"]
[Site "Chess.com"]
[Date "2020.11.24"]
[Round "8"]
[White "Ural_bogatyr"]
[Black "redbaron8888"]
[Result "0-1"]
[WhiteElo "2406"]
[BlackElo "2530"]
[TimeControl "180+1"]
[EndTime "11:46:50 PST"]
[Termination "redbaron8888 won by resignation"]

1. e4 e6 2. d4 d5 3. Bd3 c5 4.
exd5 Qxd5 5. Nc3 Qd8 6. Nf3 Nf6 7. Bg5 cxd4 8. Nxd4 Be7 9. Qd2 Nbd7 10. O-O-O O-O 11.
Rhe1 Nc5 12. Bc4 a6 13. Nb3 Nxb3+ 14. Bxb3 Qa5 15. Kb1 Rd8 16. Nd5 Qxd2 17. Nxe7+ Kf8 18. Bxd2 Kxe7 19. Bb4+ Ke8 20. Rxd8+ Kxd8 21. Rd1+ Bd7 22. a4 Ke8 23. a5 Bc6 24. f3 Nd5 25. Bc5 Rd8 26. Kc1 Nf4 27. Rxd8+ Kxd8 28. g3 Ng6 29. f4 Ne7 30. Kd2 g6 31. c4 Nf5 32. Bc2 Kd7 33. b4 Nd6 34. Bd3 Be4 35. Bxd6 Bxd3 36. Kxd3 Kxd6 37.
Kd4 f6 38. h4 h5 39. Ke4 Kc6 40. Kd4 b6 41. axb6 Kxb6 42. Ke4 Kc6 43. Kd4 Kd6 44. Ke4 Kc6 45. Kd4 Kb6 46. Ke4 a5 47. b5 a4 48. Kd4 a3 49. Kc3 e5 50. fxe5 fxe5 51. Kb3 e4 52. Kxa3 e3 53. Kb4 e2 54. c5+ Kb7 55.
c6+ Kb6 0-1

[Event "*** Titled Tuesday Blitz"]
[Site "Chess.com"]
[Date "2020.11.24"]
[Round "8"]
[White "Tayson_7"]
[Black "Sviridov_Valery"]
[Result "0-1"]
[WhiteElo "2701"]
[BlackElo "2834"]
[TimeControl "180+1"]
[EndTime "11:46:53 PST"]
[Termination "Sviridov_Valery won by resignation"]

1. e4 Nf6 2. e5 Nd5 3. c4 Nb6 4. d4 d6 5. exd6 exd6 6. Nc3 Be7 7. Bd3 Nc6 8. Nge2 O-O 9. Be3 Bf6 10. O-O Re8 11. b3 Bg4 12. Qd2 d5 13. c5 Bxe2 14. Nxe2 Nc8 15. b4 a6 16. a4 a5 17. b5 Nb4 18.
Bb1 Ne7 19. Ng3 g6 20. f4 b6 21. c6 Nc8 22. f5 Nd6 23. Qf2 Nc4 24. Bc1 g5 25.
Nh5 Kh8 26. g4 h6 27. h4 Rg8 28. Kg2 gxh4 29. Kh3 Bg5 30. f6 Bxc1 31. Rxc1 Nd6 32. Ng7 Rxg7 33. fxg7+ Kxg7 34. Qxh4 Ne4 35. Bxe4 dxe4 36.
Rf1 Qxh4+ 37. Kxh4 Re8 38. Rae1 Nc2 39. Rc1 Nxd4 40.
Rc4 Nf3+ 41. Rxf3 exf3 42. Kg3 Re3 43. Rd4 Kf6 44. Kf2 Re7 45. Kxf3 Ke5 46. Rd7 Ke6 47.
Rd8 f5 48. gxf5+ Kxf5 49. Rd7 Ke6 50. Rd8 Rh7 51. Kg4 h5+ 52. Kh4 Kf6 53. Rd7 Rxd7 54.
cxd7 Ke7 55. Kxh5 Kxd7 56. Kg5 Kd6 57. Kf5 Kc5 58. Ke6 Kb4 59. Kd7 Kxa4 0-1

[Event "*** Titled Tuesday Blitz"]
[Site "Chess.com"]
[Date "2020.11.24"]
[Round "8"]
[White "Rodalquilar"]
[Black "mbachez"]
[Result "1-0"]
[WhiteElo "2672"]
[BlackElo "2441"]
[TimeControl "180+1"]
[EndTime "11:46:53 PST"]
[Termination "Rodalquilar won by resignation"]

1. d4 Nf6 2. Bf4 c5 3. e3 g6 4.
c3 Bg7 5. Nf3 O-O 6. Be2 b6 7.
O-O Bb7 8. Nbd2 d6 9. h3 Nbd7 10.
Bh2 a6 11. a4 Ra7 12. Qb3 Qa8 13. Rfd1 Rb8 14. Bc4 Bd5 15. Bxd5 Qxd5 16. Qxd5 Nxd5 17. Nc4 N5f6 18. a5 b5 19. Nb6 c4 20. Nxd7 Rxd7 21. Nd2 Bh6 22. Nb1 Ne4 23. Na3 b4 24. Nxc4 bxc3 25.
bxc3 Rc7 26. Nb6 Nxc3 27. Re1 Rbb7 28. Kf1 f5 29. Rec1 Kf7 30. Rc2 Nb5 31. Rac1 Rxc2 32. Rxc2 Rc7 33. Rxc7 Nxc7 34. Ke2 e5 35. dxe5 dxe5 36.
Bxe5 Nb5 37. Kd3 Bf8 38. Kc4 Na3+ 39. Kd5 Bb4 40. Bd6 Bxa5 41. Nd7 Nb5 42. Be5 Bc3 43. f4 a5 44. Nc5 Bxe5 45. fxe5 a4 46. Kc6 Nc3 47.
Kd7 Nd5 48. e6+ Kf6 49. Nxa4 g5 50. Nc5 Ne7 51. e4 f4 52. e5+ Kxe5 53. Kxe7 Kd5 54.
Kf7 f3 55. gxf3 g4 56. hxg4 h5 57. gxh5 1-0

[Event "*** Titled Tuesday Blitz"]
[Site "Chess.com"]
[Date "2020.11.24"]
[Round "8"]
[White "Gusarov91"]
[Black "Mr_Heisenberg13"]
[Result "1/2-1/2"]
[WhiteElo "2665"]
[BlackElo "2528"]
[TimeControl "180+1"]
[EndTime "11:46:54 PST"]
[Termination "Game drawn - insufficient material"]

1. d4 Nf6 2. Nf3 d5 3. c4 e6 4. g3 Be7 5. Bg2 O-O 6. O-O dxc4 7. Qa4 a6 8. Qxc4 b5 9. Qc2 Bb7 10. Bf4 Nd5 11. Bd2 Nd7 12. Nc3 Nxc3 13. bxc3 Nf6 14.
a4 c5 15. axb5 axb5 16. Bg5 h6 17. Bxf6 Bxf6 18. e3 Qc7 19. Qb2 b4 20. cxb4 Rxa1 21.
Rxa1 Bxf3 22. Bxf3 cxd4 23. exd4 Qb6 24. Rd1 Rd8 25. Kg2 Bxd4 26. Qb3 e5 27. b5 Rd6 28. Rc1 Rf6 29. Rc8+ Kh7 30. Rc6 Rxc6 31. Bxc6 Kg8 32. Qf3 Qc7 33. Bd5 Qd7 34. h4 g6 35. h5 Kg7 36. hxg6 fxg6 37. Bc4 h5 38. Qe4 Qf5 39. Qxf5 gxf5 40. f3 Kf6 41. Kh3 Kg5 42. Bd3 Bb6 43. Bc2 Bd4 44. Bd1 Bb6 45. Kg2 h4 46. Bc2 hxg3 47. Kxg3 Bc5 48. Bd3 Bb6 49. Bc4 Bc5 50.
Bd5 Bb6 51. Bc6 Bc5 52. Kg2 Bb6 53. Kf1 Kf4 54. Ke2 e4 55. fxe4 fxe4 56. Bd7 e3 57.
Bc6 Bc5 58. Kd3 Bb6 59. Bg2 Kg3 60. Bf1 Kf2 61. Be2 Ba7 62. Bh5 Bb6 63. Bg4 Ba7 64.
Bd1 Bb6 65. Kc4 Ke1 66. Bh5 Kf2 67. Kd5 e2 68. Bxe2 Kxe2 69. Kc6 Ba5 70. Kb7 Kd3 71. Ka6 Bd8 72. b6 Bxb6 1/2-1/2

[Event "*** Titled Tuesday Blitz"]
[Site "Chess.com"]
[Date "2020.11.24"]
[Round "8"]
[White "Forantes"]
[Black "chenxiaoyuer"]
[Result "0-1"]
[WhiteElo "2370"]
[BlackElo "2506"]
[TimeControl "180+1"]
[EndTime "11:46:54 PST"]
[Termination "chenxiaoyuer won by checkmate"]

1. Nf3 Nf6 2. g3 g6 3. Bg2 Bg7 4.
O-O O-O 5. d4 d6 6. c4 Nc6 7.
Nc3 Bg4 8. Re1 Bxf3 9. Bxf3 Nd7 10. e3 e5 11. d5 Ne7 12. e4 f5 13. Bg5 Bf6 14. Bh6 Bg7 15. Bg5 h6 16. Bxe7 Qxe7 17.
Qe2 Nf6 18. Rad1 a5 19. b3 Nd7 20. Bg2 Nc5 21. exf5 gxf5 22. Qh5 Qg5 23. Qxg5 hxg5 24. Nb5 Rf7 25. Bh3 e4 26. Re2 Be5 27. Nd4 Bxd4 28.
Rxd4 Kg7 29. Bg2 Kf6 30. f3 exf3 31. Bxf3 Re7 32. Rxe7 Kxe7 33. h4 Kf6 34. hxg5+ Kxg5 35. Rh4 Kg6 36. g4 Re8 37. Kf2 Nd3+ 38. Kg2 fxg4 39. Rxg4+ Kf6 40. Rh4 Ne5 41. Rh6+ Kg7 42. Re6 Rxe6 43. dxe6 Nxf3 44. Kxf3 Kf6 45. Ke4 Kxe6 46.
Kd4 c6 47. c5 d5 48. a3 Kf5 49. b4 axb4 50. axb4 Kf4 51. b5 Kf5 52. Kc3 Ke4 53. Kb4 Kd4 54. Ka5 Kxc5 55. bxc6 bxc6 56. Ka6 d4 57.
Kb7 Kc4 58. Kc7 d3 59. Kb7 c5 60. Kb6 Kc3 61. Kc6 c4 62. Kc5 d2 63. Kd5 d1=Q+ 64. Kc5 Qd4+ 65. Kb5 Kb3 66. Ka5 c3 67. Kb5 c2 68.
Ka5 c1=Q 69. Ka6 Qcc5 70. Kb7 Qd7+ 71. Ka8 Qcc8# 0-1

[Event "*** Titled Tuesday Blitz"]
[Site "Chess.com"]
[Date "2020.11.24"]
[Round "8"]
[White "FLamps8"]
[Black "theblitzchamp"]
[Result "1-0"]
[WhiteElo "2493"]
[BlackElo "2591"]
[TimeControl "180+1"]
[EndTime "11:46:55 PST"]
[Termination "FLamps8 won by checkmate"]

1. d4 d5 2. Bf4 c5 3. Nc3 Nf6 4. e4 cxd4 5. Qxd4 Nc6 6. Bb5 dxe4 7. Qxd8+ Kxd8 8. O-O-O+ Ke8 9. Nge2 Bd7 10. Nd4 Nxd4 11. Rxd4 e6 12. Bxd7+ Nxd7 13. Rhd1 Nb6 14. Nb5 Rc8 15.
Nxa7 Ra8 16. Nb5 Rxa2 17. Rd8+ Ke7 18. Kb1 Ra5 19. Bd6+ Kf6 20. Nc3 Bxd6 21. Rxh8 Bxh2 22. g3 e3 23. Rxh7 exf2 24. Rxh2 Nc4 25. Rxf2+ Ke7 26. b3 Nd6 27. Rfd2 Nf5 28. Rd7+ Kf6 29. Rxb7 Nxg3 30.
Rdd7 Nf5 31. Rxf7+ Ke5 32. Kb2 Ra8 33. Rxf5+ exf5 34. Rxg7 f4 35. Rf7 Rc8 36. Ne2 Ke4 37. Nxf4 Ke3 38.
Nd3 Kd2 39. Rf2+ Kd1 40. Nb4 Rb8 41. Nd5 Rc8 42. Nc3+ Ke1 43. Re2+ Kf1 44. Re4 Kf2 45. b4 Kf3 46. b5 Rc5 47. Rb4 Rc8 48. b6 Ke3 49. b7 Rb8 50. Nd5+ Kd2 51. Ne7 Kd1 52. Nc6 Rh8 53. b8=Q Rh2 54. Qxh2 Ke1 55. Rg4 Kf1 56.
Rg1# 1-0

[Event "*** Titled Tuesday Blitz"]
[Site "Chess.com"]
[Date "2020.11.24"]
[Round "8"]
[White "Vladislav_Chizhikov"]
[Black "RobertoJBM"]
[Result "0-1"]
[WhiteElo "2527"]
[BlackElo "2693"]
[TimeControl "180+1"]
[EndTime "11:46:56 PST"]
[Termination "RobertoJBM won by resignation"]

1. e4 c6 2. d4 d5 3. Nc3 dxe4 4. Nxe4 Nd7 5. Bd3 Ngf6 6. Nxf6+ Nxf6 7. Nf3 Bg4 8. c3 Qd5 9. Be2 e6 10. Qb3 Qxb3 11.
axb3 a6 12. b4 Bxf3 13. Bxf3 O-O-O 14. Bf4 Bd6 15. Bxd6 Rxd6 16. Ke2 Re8 17. Ra5 Kc7 18.
Rha1 Rd7 19. Re5 Rde7 20. g3 Nd7 21. Re3 e5 22. dxe5 Nxe5 23. b3 f5 24. h4 f4 25.
gxf4 Ng6 26. Rxe7+ Rxe7+ 27. Kd2 Nxf4 28. Rg1 g6 29.
Rg4 Nh5 30. Re4 Rxe4 31. Bxe4 Kd6 32. Ke3 Ke5 33. Bf3 Nf4 34. c4 h6 35. Be4 g5 36.
hxg5 hxg5 37. Bf3 Ne6 38. Bg4 Nd4 39. Bc8 Nc2+ 40. Kd3 Nxb4+ 41. Kc3 c5 42. Bxb7 Kf4 43. Ba8 a5 44. Bb7 g4 45. Kd2 Na2 46. Kc2 g3 47.
fxg3+ Kxg3 48. Kd2 Kf4 49. Kc2 Ke3 50. Kb2 Nb4 51.
Kc3 Nd3 52. Bc8 Nf4 53. Kb2 Kd2 54. Ka3 Kc3 55. Ka4 Nd3 56. Be6 Nc1 57. Kxa5 Nxb3+ 58. Kb6 Kb4 59. Kc6 Nd4+ 60. Kd5 Nxe6 61. Kxe6 Kxc4 62.
Ke5 Kd3 0-1

[Event "*** Titled Tuesday Blitz"]
[Site "Chess.com"]
[Date "2020.11.24"]
[Round "8"]
[White "mr_gustavo"]
[Black "malakismayil"]
[Result "0-1"]
[WhiteElo "2383"]
[BlackElo "2278"]
[TimeControl "180+1"]
[EndTime "11:46:56 PST"]
[Termination "malakismayil won by resignation"]

1. e4 e5 2. Nf3 Nc6 3. Bb5 Nf6 4. O-O d6 5. Re1 Be7 6. c3 O-O 7. h3 Bd7 8. d4 exd4 9. cxd4 h6 10. Nc3 Re8 11. d5 Ne5 12. Nxe5 dxe5 13. Bxd7 Qxd7 14. Qe2 Rad8 15. Be3 a6 16. Rad1 Qc8 17. Rc1 Bd6 18. g3 Qxh3 19. Qf3 Ng4 20. Qg2 Qh5 21. Nd1 f5 22. exf5 Qxf5 23. f3 Nxe3 24. Nxe3 Qg6 25. Nc4 Bc5+ 26. Kf1 Bd4 27. Nd2 Re7 28.
Ne4 Rxd5 29. Qc2 c5 30. Qc4 Qf7 31. Kg2 b5 32. Qc2 Red7 33. Rcd1 Rd8 34. Re2 Rf8 35.
Rf1 Qd7 36. Rd1 Qf5 37. Rf1 c4 38. b3 Rc8 39. bxc4 Rxc4 40. Qb1 Qc8 41. Rh1 Qc6 42. g4 Rd7 43. g5 Rc7 44. gxh6 gxh6 45.
Kh3 Rg7 46. Rg2 Qe6+ 47. Kh2 Rc7 48. Rxg7+ Rxg7 49. Rc1 Qf5 50. Qb3+ Kh7 51. Nf6+ Qxf6 52.
Qd3+ Qg6 53. Qxg6+ Kxg6 54. Rc6+ Kf5 55. Rxa6 Rg6 56. Ra8 Kf4 57. Rf8+ Ke3 58. Rb8 Ra6 0-1

[Event "*** Titled Tuesday Blitz"]
[Site "Chess.com"]
[Date "2020.11.24"]
[Round "8"]
[White "tteshan"]
[Black "TheCairnTerrier"]
[Result "1-0"]
[WhiteElo "2376"]
[BlackElo "2171"]
[TimeControl "180+1"]
[EndTime "11:46:57 PST"]
[Termination "tteshan won on time"]

1. d4 Nf6 2. c4 g6 3. Nc3 Bg7 4. e4 d6 5. Be2 O-O 6. Bg5 h6 7. Be3 e5 8. d5 a5 9. Qd2 Kh7 10. h4 h5 11. Nh3 Bxh3 12. Rxh3 Nbd7 13. f3 b6 14. O-O-O Nc5 15. Qc2 Bh6 16. Bxh6 Kxh6 17. g4 hxg4 18. fxg4 Kg7 19. Rf1 Qd7 20. Rg3 Rh8 21. h5 Rag8 22. Rgf3 Nxg4 23. Rxf7+ Qxf7 24. Rxf7+ Kxf7 25. Bxg4 gxh5 26. Qf2+ Ke7 27. Qh4+ Ke8 28.
Bxh5+ Kd7 29. Qf6 Kc8 30. Qf5+ Kb7 31. Be2 Rg2 32. Qf7 Rh1+ 33. Kd2 Rhh2 34. Qf5 Rf2 35. Qg4 Rhg2 36. Qh5 Rh2 37. Qe8 Nxe4+ 38. Nxe4 Rxe2+ 39. Kd3 Rxb2 40. Qc6+ Kb8 41. Nf6 e4+ 42. Kxe4 Rbe2+ 43.
Kf5 Re5+ 44. Kg6 Rg2+ 45. Kf7 Rf2 46. Kg7 Rg5+ 47. Kh6 Rxf6+ 48. Kxg5 Rf8 49. Kg4 Rc8 50. a4 Rf8 51. Kg5 Rc8 52. Kf6 1-0

[Event "*** Titled Tuesday Blitz"]
[Site "Chess.com"]
[Date "2020.11.24"]
[Round "8"]
[White "Euwe1234"]
[Black "ShapkinAnatoliy"]
[Result "1-0"]
[WhiteElo "2519"]
[BlackElo "2644"]
[TimeControl "180+1"]
[EndTime "11:46:58 PST"]
[Termination "Euwe1234 won on time"]

1. e4 e5 2. Nf3 Nc6 3. Bb5 Nf6 4. O-O Nxe4 5. d4 Nd6 6. Bxc6 dxc6 7. dxe5 Nf5 8.
Qxd8+ Kxd8 9. h3 Ke8 10. Bf4 h5 11. Nc3 Be6 12. Rad1 Be7 13. Ng5 Rh6 14. Rfe1 Rg6 15. Nxe6 Rxe6 16. Ne4 b6 17. c3 Rd8 18. Rxd8+ Bxd8 19. g3 c5 20. Kg2 Be7 21. a4 Kd7 22. Rd1+ Kc6 23. Kf3 f6 24. exf6 gxf6 25. h4 Nd6 26.
Bxd6 cxd6 27. c4 f5 28. Ng5 Re5 29. Kf4 Re2 30. f3 Rxb2 31. Kxf5 Rc2 32. g4 hxg4 33.
fxg4 Rxc4 34. h5 Rc2 35. h6 Rh2 36. Nf7 d5 37. Kg6 d4 38. h7 Kd5 39. h8=Q Rxh8 40.
Nxh8 c4 41. Kf5 c3 42. Ng6 Ba3 43. Nf4+ Kc4 44. Ne2 d3 45. Nxc3 Kxc3 46. Ke4 d2 47. Ke3 Bc5+ 48. Ke2 Kb4 49. Rxd2 Kxa4 50. g5 Kb5 51. g6 Bf8 52. Rd7 a5 53. g7 Bxg7 54. Rxg7 Kb4 55. Kd2 1-0

[Event "*** Titled Tuesday Blitz"]
[Site "Chess.com"]
[Date "2020.11.24"]
[Round "8"]
[White "MillyNeuf"]
[Black "manipun1"]
[Result "0-1"]
[WhiteElo "2378"]
[BlackElo "2268"]
[TimeControl "180+1"]
[EndTime "11:46:58 PST"]
[Termination "manipun1 won by checkmate"]

1. e4 d6 2. d4 Nf6 3. Nc3 e5 4. d5 Be7 5. Be3 O-O 6. f3 c6 7. Bc4 b5 8. Bb3 b4 9. Nce2 a5 10. a3 cxd5 11. Bxd5 Nxd5 12. Qxd5 Ra6 13. axb4 axb4 14.
Rxa6 Nxa6 15. Nh3 Be6 16. Qd2 Bxh3 17. gxh3 Qc8 18. Ng3 Qxh3 19. Nf5 Bh4+ 20. Nxh4 Qxh4+ 21. Bf2 Qe7 22. Rg1 Rc8 23. Qh6 g6 24. Bh4 Qf8 25. Qxf8+ Kxf8 26. Kd2 Ke8 27. Ra1 Rc6 28. Bf2 Kd7 29.
Kd3 Ke6 30. Ra5 f5 31. c3 bxc3 32. bxc3 Nc7 33. Ra1 d5 34. exd5+ Nxd5 35. c4 Nf4+ 36. Kc3 Nh3 37. Ba7 Ng5 38. c5 Nxf3 39. Kc4 e4 40. Kb5 Nd4+ 41. Kc4 Nf3 42. Kb5 Rc8 43. c6 Ne5 44. Kb6 Rxc6+ 45. Kb7 Rc2 46. Bb6 f4 47. Ra6 Kf5 48. Bg1 Rg2 49. Bb6 e3 50. Ra4 e2 51. Ra5 e1=Q 52. Bc7 Qxa5 53. Kc8 Rxh2 54. Bxa5 Rc2+ 55. Bc7 f3 56. Kb8 Rxc7 57. Kxc7 f2 58. Kd8 f1=Q 59. Ke8 Qc4 60. Kf8 Qc6 61. Kg7 Qd7+ 62. Kg8 Qe8+ 63. Kxh7 g5 64. Kg7 Qf7+ 65. Kh8 Ng6# 0-1

[Event "*** Titled Tuesday Blitz"]
[Site "Chess.com"]
[Date "2020.11.24"]
[Round "8"]
[White "CookiesAndIceCream"]
[Black "beto-betun"]
[Result "1-0"]
[WhiteElo "2428"]
[BlackElo "2195"]
[TimeControl "180+1"]
[EndTime "11:46:59 PST"]
[Termination "CookiesAndIceCream won by resignation"]

1. e4 c5 2. Nf3 d6 3. d4 cxd4 4. Nxd4 Nf6 5. Nc3 a6 6. Be3 e5 7.
Nb3 Be7 8. f3 Be6 9. Qd2 Nbd7 10. O-O-O b5 11. g4 Nb6 12. g5 Nfd7 13. Na5 Qc7 14. Kb1 Rc8 15. h4 Nc4 16. Nxc4 bxc4 17. h5 Rb8 18. Ka1 Qb7 19. Rb1 Nc5 20. Bxc5 dxc5 21.
Bh3 Bxh3 22. Rxh3 h6 23. g6 fxg6 24. hxg6 O-O 25. Qe2 Bf6 26. Qxc4+ Kh8 27. b3 Qb4 28. Qxb4 cxb4 29. Nd5 Rb7 30. Rd1 a5 31. Kb1 Rbb8 32. Ne3 Rbd8 33. Rhh1 Kg8 34. Nf5 Rxd1+ 35. Rxd1 Rd8 36.
Rxd8+ Bxd8 37. Kc1 Kf8 38. Kd2 h5 39. Ke2 h4 40.
Kf2 Bf6 41. Kg2 Ke8 42. Kh3 Kd7 43. Nxh4 Ke6 44. Nf5 Kd7 45. Kg2 Kc6 46. Kf2 Kc5 47.
Ke2 a4 48. Kd3 axb3 49. axb3 Kb5 50. Ne3 Bg5 51. Nc4 Bf6 52. Ne3 Bg5 53. Ng4 Bf4 54. Nf2 Bg5 55. Ke2 Kc5 56. Nd3+ Kb5 57. Nxe5 Bf6 58.
Ng4 Bg5 59. Kd3 Bf4 60. e5 Bg5 61. Ke4 Be7 62. f4 Kc5 63. f5 Kc6 64. f6 gxf6 65. exf6 1-0

[Event "*** Titled Tuesday Blitz"]
[Site "Chess.com"]
[Date "2020.11.24"]
[Round "8"]
[White "Limelight2727"]
[Black "JoliyRoger"]
[Result "0-1"]
[WhiteElo "1949"]
[BlackElo "2365"]
[TimeControl "180+1"]
[EndTime "11:47:01 PST"]
[Termination "JoliyRoger won by checkmate"]

1. d4 Nf6 2. c4 e6 3. Nc3 Bb4 4. e3 c5 5. Bd2 cxd4 6. exd4 d5 7.
a3 Bxc3 8. Bxc3 Nc6 9. Nf3 O-O 10. Bd3 dxc4 11. Bxc4 b6 12. O-O Bb7 13. Qe2 Rc8 14.
Rad1 Ne7 15. Ne5 Ng6 16. Nxg6 hxg6 17. f3 Qd7 18. Ba6 Bxa6 19. Qxa6 Nd5 20. Qd3 b5 21.
Rc1 Rc4 22. b3 Rcc8 23. Bb2 a6 24. Rxc8 Rxc8 25. Rc1 Rd8 26. Kf2 Qd6 27. g3 Ne7 28. Qc3 Rc8 29. Qd2 Rxc1 30. Qxc1 Nd5 31. Qc5 Qd7 32.
Bc1 f6 33. Bf4 Kf7 34. h4 Ne7 35. g4 Nc6 36. Bd6 Nd8 37. d5 Nb7 38. Qc7 Qxc7 39.
dxe6+ Kxe6 40. Bxc7 Kd7 41. Bb6 Kc6 42. Bd4 Na5 43.
b4 Nc4 44. Bc5 Nxa3 45. Bf8 Kd5 46. Bxg7 Ke6 47. h5 gxh5 48. gxh5 Kf7 49. Bh6 Nc4 50. Bf4 a5 51. bxa5 Nxa5 52. Kg3 Nc4 53. Kg4 b4 54. h6 Kg6 55. Bc1 b3 56. f4 b2 57. f5+ Kh7 58. Bxb2 Nxb2 59. Kh5 Nd3 60. Kg4 Kxh6 61. Kf3 Ne5+ 62. Ke4 Kh5 63. Kd5 Kg5 64.
Ke6 Ng4 65. Kf7 Ne3 66. Kg7 Nxf5+ 67. Kf7 Nh4 68. Ke6 f5 69. Kd5 Kg4 70. Kd4 f4 71. Kd3 Kg3 72. Ke2 Kg2 73. Kd3 f3 74.
Ke4 f2 75. Kf4 f1=Q+ 76. Kg4 Qf5+ 77. Kxh4 Qf6+ 78. Kh5 Qg7 79. Kh4 Kf3 80. Kh3 Qh6# 0-1

[Event "*** Titled Tuesday Blitz"]
[Site "Chess.com"]
[Date "2020.11.24"]
[Round "8"]
[White "Squirlolz"]
[Black "Vuk2000"]
[Result "0-1"]
[WhiteElo "2558"]
[BlackElo "2737"]
[TimeControl "180+1"]
[EndTime "11:47:02 PST"]
[Termination "Vuk2000 won on time"]

1. e4 e6 2. d4 d5 3. Nd2 Be7 4. Ngf3 Nf6 5. e5 Nfd7 6. c3 c5 7.
Bd3 Nc6 8. O-O g5 9. Nb1 h5 10. Be3 g4 11. Ne1 Qb6 12. b4 cxd4 13.
cxd4 Nxb4 14. Nc3 Nxd3 15. Nxd3 Qa5 16. Qb3 Nb6 17. Nb5 Nc4 18. Bf4 Qb6 19. f3 Bd7 20.
Nd6+ Bxd6 21. exd6 Qxd4+ 22. Kh1 Bc6 23. Rae1 O-O-O 24. Be5 Nxe5 25. Nxe5 Rhf8 26. Nxc6 bxc6 27. Rb1 Kd7 28.
fxg4 hxg4 29. Qa3 Rb8 30. Rxb8 Rxb8 31. Rxf7+ Ke8 32. Rf1 Qf4 33. Qd3 Qxd6 34. Qg6+ Kd7 35. Rf7+ Kc8 36. Qg8+ Qd8 37. Qxd8+ Kxd8 38. g3 Rb1+ 39.
Kg2 Rb2+ 40. Kg1 Rxa2 41. Rg7 Ra1+ 42. Kg2 Ra2+ 43. Kg1 Ra4 44. h4 gxh3 45. g4 Ke8 46. g5 Ra2 47. Kh1 Kf8 48. Rh7 Rg2 49. g6 Rxg6 50.
Rxa7 c5 51. Rh7 c4 52. Rxh3 Ke7 53. Rh4 Kd6 54. Rh3 Kc5 55. Rg3 Rxg3 0-1

[Event "*** Titled Tuesday Blitz"]
[Site "Chess.com"]
[Date "2020.11.24"]
[Round "8"]
[White "Kaua18"]
[Black "Chess_Boxer123"]
[Result "1-0"]
[WhiteElo "2366"]
[BlackElo "2507"]
[TimeControl "180+1"]
[EndTime "11:47:03 PST"]
[Termination "Kaua18 won by checkmate"]

1. e4 b6 2. Nc3 a5 3. d4 Bb7 4. f4 g6 5. Nf3 Bg7 6. Be3 a4 7. a3 d6 8. Qd2 Nf6 9. e5 Ne4 10. Nxe4 Bxe4 11. Bc4 d5 12. Bb5+ c6 13. Be2 h6 14. O-O e6 15. c3 b5 16. Qd1 Nd7 17. Nd2 Nb6 18. Nxe4 dxe4 19. Bc1 Qd5 20. Re1 O-O 21. Qc2 c5 22. Bxb5 cxd4 23. c4 Rfc8 24. cxd5 Rxc2 25. dxe6 fxe6 26. Rxe4 Rac8 27. Re1 R8c4 28.
Bxc4 Nxc4 29. Rd1 Bf8 30. Kf1 Bc5 31. f5 gxf5 32. Bxh6 d3 33. Rxd3 Nxb2 34. Rd2 Rxd2 35. Bxd2 Nc4 36. Bb4 Bd4 37. Rc1 Ne3+ 38. Ke2 Nxg2 39.
Bd6 Nf4+ 40. Kf3 Nd3 41. Rc4 Nxe5+ 42. Bxe5 Bxe5 43. Rxa4 Bxh2 44. Ra7 Bg1 45. Re7 Bc5 46. Rxe6 Bxa3 47. Kf4 Kf7 48. Kxf5 Be7 49. Re2 Ke8 50. Ke6 Ba3 51. Ra2 Be7 52. Ra8+ Bd8 53. Rb8 Kf8 54. Rxd8+ Kg7 55. Rc8 Kh7 56. Kf6 Kh6 57. Rh8# 1-0

[Event "*** Titled Tuesday Blitz"]
[Site "Chess.com"]
[Date "2020.11.24"]
[Round "8"]
[White "Susal_De_Silva"]
[Black "Fy_Rakotomaharo"]
[Result "0-1"]
[WhiteElo "2533"]
[BlackElo "2700"]
[TimeControl "180+1"]
[EndTime "11:47:04 PST"]
[Termination "Fy_Rakotomaharo won by resignation"]

1. e4 c5 2. Nf3 Nc6 3. Bb5 g6 4.
Bxc6 dxc6 5. d3 Bg7 6. h3 b6 7.
O-O Nf6 8. a4 a5 9. Nc3 O-O 10.
Be3 Ba6 11. Nd2 e5 12. f4 exf4 13. Bxf4 Nd7 14. Kh1 Re8 15. Qf3 Qe7 16. Rad1 Ne5 17. Bxe5 Bxe5 18. Nc4 Bxc3 19. bxc3 Bxc4 20. dxc4 Rad8 21.
Rb1 Rd7 22. Rxb6 Qxe4 23. Rb8 Qe6 24. Rxe8+ Qxe8 25. Qxc6 Qe7 26. Qa8+ Qd8 27. Qf3 Kg7 28. Qf2 Qe7 29. Re1 Qd6 30. Rb1 Qe5 31. Rf1 h5 32.
Qf3 Qe6 33. Qf4 Qe2 34. Qf6+ Kh7 35. Rf2 Qxc4 36. Qc6 Re7 37. Qd6 Re3 38. Qf8 f5 39. Qd6 Qe6 40. Qc7+ Kh6 41. Qf4+ Kg7 42. Qc7+ Qe7 43.
Qf4 Re1+ 44. Kh2 Qe5 45. Qxe5+ Rxe5 46. Rf4 Re4 47. Rxe4 fxe4 48. Kg3 g5 49. h4 Kg6 50. Kf2 Kf5 51. hxg5 Kxg5 52. Ke3 Kf5 53. c4 Ke5 54. c3 Kf5 55. g3 Ke5 56. Ke2 Kf5 57. Kf2 Kg4 0-1